 Dungeon Sprint DCSS version 0.18-a0-19-g8b99b3a (webtiles) character file.

56 kosy22 the Ducker (level 3, -7/39 HPs)
             Began as a Troll Fighter on Nov 1, 2015.
             Mangled by a water elemental (13 damage)
             ... in the Dungeon (Sprint III: "The Ten Rune Challenge").
             The game lasted 00:01:15 (192 turns).

kosy22 the Ducker (Troll Fighter)                    Turns: 192, Time: 00:01:15

Health: -7/39      AC:  6    Str: 25    XL:     3   Next: 71%
Magic:  2/2        EV:  9    Int:  4    God:
Gold:   31         SH:  9    Dex:  9    Spells: 0 memorised, 2 levels left

rFire  . . .     SeeInvis .       - Unarmed
rCold  . . .     Clarity  .     a - +1 robe
rNeg   . . .     SustAt   .     b - +0 shield
rPois  .         Gourm    +     (helmet restricted)
rElec  .         Spirit   .     (no cloak)
rCorr  .         Warding  .     (gloves unavailable)
rMut   .         NoTele   +     (boots unavailable)
MR     .....                    (no amulet)
Stlth  +.........               (no ring)
                                (no ring)

@: not resistant to hostile enchantments, very unstealthy
A: unfitting armour, claws 3, fast metabolism 3, gourmand, regeneration 2,
shaggy fur 1, tough skin 2
a: no special abilities


You were in the Dungeon.
You were not hungry.

You visited 1 branch You collected 31 gold pieces.

Inventory:

Armour
 a - a +1 robe (worn)
 b - a +0 shield (worn)
Scrolls
 j - a scroll of blinking
 m - 2 scrolls of identify
 n - 3 scrolls of remove curse
Potions
 c - a potion of might
 e - a potion of curing
 f - a potion of heal wounds
 g - a potion of haste
 h - 2 potions of magic
 i - a potion of berserk rage
 l - 2 potions of mutation {unknown}
 o - 3 potions of cure mutation
 p - a potion of flight {unknown}
 s - a potion of agility {unknown}
Comestibles
 d - 3 bread rations
 r - a royal jelly


   Skills:
 + Level 4.1 Fighting
 + Level 4.3 Dodging
 + Level 3.7 Shields
 + Level 3.1 Unarmed Combat


You had 2 spell levels left.
You didn't know any spells.

Dungeon Overview and Level Annotations

Branches:
Dungeon (1/1)

Altars:


Innate Abilities, Weirdness & Mutations

You are too large for most types of armour.
You have claws for hands.
Your metabolism is lightning-fast.
You like to eat raw meat.
You heal very quickly.
You are covered in fur (AC +1).
You have very tough skin (AC +2).


Message History

* * * LOW HITPOINT WARNING * * *
Your lungs strain for air!
The water elemental closely misses you.
With effort, you pull free of the water engulfing you.
You gasp with relief as air once again reaches your lungs.
You claw the water elemental!
The water elemental is moderately damaged.
The water elemental barely misses you.
You barely miss the water elemental.
The water elemental is moderately damaged.
The water elemental barely misses you.
You claw the water elemental!
The water elemental is severely damaged.
The water elemental hits you!
* * * LOW HITPOINT WARNING * * *
The water elemental engulfs you in water!
With effort, you pull free of the water engulfing you.
You gasp with relief as air once again reaches your lungs.
The water elemental hits you!
You die...

▓▓▓▓▓▓▓▓▓▓▓▓ ▓▓▓
<.#..?.....♣ ♣.#
..#..#....♣♣♣ ♣♣.#
#'####....♣.♣ ..#
.....#....≈♣♣♣♣♣.###+#+##
.....#...≈≈..♣...#.......
.....#..≈≈≈≈♣♣♣♣.E.⌠.....
####'#..≈≈≈≈≈≈♣.@#...####
...[.#.≈≈≈≈≈≈....#.⌠.#
.....#.≈≈≈≈≈.....#...#
.....#.≈≈≈.......#+###
'#####.....†.....#
.................#
▓▓▓▓▓▓▓▓▓▓▓▓▓▓▓▓▓▓


You could see a water elemental.

Vanquished Creatures
  Jessica (D)
  A human (D)
  2 oozes (D)
  A phantom (D)
5 creatures vanquished.

Vanquished Creatures (others)
  A draconian scorcher (D)
  A fire drake (D)
  A yaktaur (D)
  2 plants (D)
5 creatures vanquished.

Grand Total: 10 creatures vanquished

Notes
Turn   | Place    | Note
--------------------------------------------------------------
     0 | D        | kosy22 the Troll Fighter began the quest for the Orb.
     0 | D        | Reached XP level 1. HP: 22/22 MP: 0/0
    17 | D        | Reached skill level 3 in Fighting
    17 | D        | Reached XP level 2. HP: 26/31 MP: 1/1
    35 | D        | Noticed Jessica
    37 | D        | Killed Jessica
    37 | D        | Reached XP level 3. HP: 37/39 MP: 2/2
    68 | D        | Killed a yaktaur
    76 | D        | Reached skill level 4 in Fighting
   106 | D        | Killed a fire drake
   153 | D        | Killed a white draconian scorcher
   181 | D        | Noticed a water elemental
   192 | D        | Mangled by a water elemental

Vault maps used:
D:        dungeon_sprint_mu

Action                   || total
-------------------------++-------
Melee: Unarmed           ||    46
  Use: Scroll            ||     2
